Victoriaville Tigres vs Hershey Bears

Created - 26 mars 2018 at 09:04

Goals
1 2 3 T
Victoriaville Tigres 1 0 3 4
Hershey Bears 0 0 2 2
Shots
1 2 3 T
Victoriaville Tigres 6 8 11 25
Hershey Bears 16 4 5 25

1st period

1. Victoriaville Tigres , Lawson Crouse 7 (Nic Petan 46, Samuel Girard 51) at 15:12 (PP)

Penalties :
Mike Blunden (BEA) for Fighting (Major) at 3:48, Brody Sutter (TIG) for Fighting (Major) at 3:48, Samuel Girard (TIG) for Interference (Minor) at 4:07, Chris Wagner (BEA) for Hooking (Minor) at 15:00

2nd period

No Goal

Penalties :
Mark Fraser (BEA) for Fighting (Major) at 3:15, Chris Terry (TIG) for Fighting (Major) at 3:15, Chris Terry (TIG) for instigated a fight (Minor) at 3:15, Chris Terry (TIG) for instigated a fight (10 Minutes Misconduct) at 3:15

3rd period

2. Victoriaville Tigres , Brody Sutter 40 (Chris Terry 40, Greg McKegg 23) at 10:13
3. Victoriaville Tigres , Nic Petan 26 (Karl Stollery 32) at 11:31
4. Hershey Bears , Mike Blunden 25 (Cory Conacher 71, Andrew Desjardins 47) at 12:54 (PP)
5. Victoriaville Tigres , Nic Petan 27 (Lawson Crouse 6) at 15:02 (SH)
6. Hershey Bears , Chris Wagner 23 (Nicolas Deslauriers 17, Chris Bourque 44) at 17:05 (PP)

Penalties :
Brayden McNabb (TIG) for High sticking (Minor) at 5:15, Mark Fraser (BEA) for Fighting (Major) at 10:16, Pat Cannone (TIG) for Fighting (Major) at 10:16, Brayden McNabb (TIG) for Cross-checking (Minor) at 12:40, Scott Kosmachuk (TIG) for Boarding (Minor) at 14:11, Scott Kosmachuk (TIG) for Slashing (Minor) at 16:35

Goalie Stats

Jeff Zatkoff (TIG), 23 saves from 25 shots - (0,920), W, 15-11-4, 60:00 minutes
Mike McKenna (BEA), 21 saves from 25 shots - (0,840), L, 30-25-4, 60:00 minutes

Players Stats for Victoriaville Tigres

Player Name              G  A  P  +/- PIM S  H  SB GA TA FO     MP     PP MP  PK MP  
------------------------------------------------------------------------------------
Brayden McNabb           0  0  0   1  4   0  5  3  2  1  0/0    22:58   0:12   4:19 
Brody Sutter             1  0  1   1  5   1  0  0  0  0  0/0    12:43   0:00   0:00 
Charles Hudon            0  0  0   0  0   7  2  0  0  0  0/0    16:38   0:00   2:28 
Chase De Leo             0  0  0   0  0   0  0  2  1  2  1/3    11:40   0:00   1:51 
Chris Terry              0  1  1   1  17  2  0  0  0  0  0/1    12:24   0:00   1:54 
Devon Toews              0  0  0   0  0   0  0  0  0  1  0/0    17:14   0:00   2:40 
Greg McKegg              0  1  1   1  0   0  1  0  1  0  4/6    12:57   0:00   0:00 
Karl Stollery            0  1  1   2  0   1  4  2  0  0  0/0    19:59   0:00   2:21 
Lawson Crouse            1  1  2   2  0   5  7  2  0  1  3/10   24:36   0:12   4:58 
Michal Kempny            0  0  0   2  0   0  0  0  0  0  0/0    20:35   0:00   2:51 
Nic Petan                2  1  3   2  0   4  0  0  1  0  7/16   20:14   0:12   5:13 
Pat Cannone              0  0  0   0  5   0  0  0  0  1  0/0    13:29   0:12   0:05 
Quinton Howden           0  0  0   0  0   0  0  0  0  0  1/3    14:27   0:00   0:00 
Samuel Girard            0  1  1   1  2   2  1  1  1  1  0/0    23:26   0:12   4:28 
Scott Kosmachuk          0  0  0   0  4   3  4  0  0  2  0/0    14:02   0:00   0:00 
Stefan Matteau           0  0  0   1  0   0  1  0  0  0  1/1     9:25   0:00   0:56 
Taylor Leier             0  0  0   0  0   0  1  1  0  0  0/0     8:09   0:00   0:00 
Tim Heed                 0  0  0   0  0   0  0  0  1  0  0/0    16:21   0:00   0:41 

Players Stats for Hershey Bears

Player Name              G  A  P  +/- PIM S  H  SB GA TA FO     MP     PP MP  PK MP  
------------------------------------------------------------------------------------
Andrew Desjardins        0  1  1  -2  0   2  4  0  1  0  13/24  21:12   5:07   0:12 
Andy Miele               0  0  0   0  0   0  3  0  1  0  5/7    16:53   3:33   0:00 
Brendan Gaunce           0  0  0   0  0   2  1  3  0  0  2/2    10:20   0:00   0:00 
Carter Camper            0  0  0   0  0   0  1  0  0  0  0/0    10:14   0:00   0:00 
Chris Bourque            0  1  1   0  0   1  1  0  2  0  0/0    16:37   3:33   0:00 
Chris Wagner             1  0  1   0  2   3  2  0  0  0  0/0    16:36   3:33   0:00 
Colby Cave               0  0  0  -1  0   0  0  0  0  0  0/0    12:12   0:11   0:00 
Cory Conacher            0  1  1  -2  0   1  4  1  1  2  1/4    21:12   5:07   0:12 
Cristoval Nieves         0  0  0  -1  0   5  2  1  2  0  0/1    13:45   0:55   0:00 
James Wisniewski         0  0  0   0  0   0  2  0  0  0  0/0    15:13   0:37   0:00 
Klas Dahlbeck            0  0  0  -2  0   0  2  1  1  2  0/0    19:37   2:48   0:12 
Mark Fraser              0  0  0   0  10  1  0  0  0  1  0/0    20:13   2:47   0:00 
Matt Carle               0  0  0  -1  0   1  0  1  0  2  0/0    19:51   2:33   0:00 
Michael Kostka           0  0  0  -1  0   2  0  0  0  0  0/0    25:44   5:47   0:00 
Mike Blunden             1  0  1  -2  5   3  2  1  0  0  2/2    19:12   4:01   0:00 
Nicolas Deslauriers      0  1  1  -2  0   2  1  2  1  0  0/0    19:20   2:48   0:12 
Teddy Blueger            0  0  0   0  0   1  2  2  0  0  0/0     9:58   0:00   0:00 
Tom Sestito              0  0  0  -1  0   1  5  0  0  0  0/0    11:35   0:00   0:00 

3 Stars

1 - Nic Petan (TIG)
2 - Lawson Crouse (TIG)
3 - Karl Stollery (TIG)

Power Play

Victoriaville Tigres - 1 on 1 Attempt(s) - 100,00%
Hershey Bears - 2 on 6 Attempt(s) - 33,33%

Penalty Kill

Victoriaville Tigres - 4 on 6 Attempt(s) - 66,67% - Score 1 goal in Penalty Kill
Hershey Bears - 0 on 1 Attempt(s) - 0,00% - Score 0 goal in Penalty Kill

Team Stat

Victoriaville Tigres - Hits : 26 - Faceoff Wins : 17 - Blocked Shots : 11 - Penalty Minutes : 37
Hershey Bears - Hits : 32 - Faceoff Wins : 23 - Blocked Shots : 12 - Penalty Minutes : 17

Official

Referees : Evgeny Romasko and Jon Mclsaac
Linesman : Mark Shewchyk and Scott Driscoll

Game Notes

Mike Blunden beats up Brody Sutter at 3:48 of 1st period
Mark Fraser and Chris Terry fight to a draw at 3:15 of 2nd period
Mark Fraser beats up Pat Cannone at 10:16 of 3rd period

Finance

Level 1 -- Attendance: 1603 (80,15%) -- Ticket Income 56 105 $
Level 2 -- Attendance: 754 (75,40%) -- Ticket Income 11 310 $
Total Attendance: 2357 (78,57%)
Total Ticket Income: 67 415 $
Other Income: 33 033 $
Total Income: 100 448 $

Victoriaville Tigres

5 vs 5 Forward 
   Center                   Left Wing                Right Wing               Time % Phy DF OF 
 1 Nic Petan                Lawson Crouse            Pat Cannone              40     1   2  2  
 2 Greg McKegg              Chris Terry              Brody Sutter             30     1   2  2  
 3 Quinton Howden           Charles Hudon            Scott Kosmachuk          20     1   2  2  
 4 Chase De Leo             Taylor Leier             Lawson Crouse            10     1   2  2  

5 vs 5 Defense 
   Defense                  Defense                                           Time % Phy DF OF 
 1 Samuel Girard            Brayden McNabb                                    40     1   2  2  
 2 Michal Kempny            Karl Stollery                                     30     1   2  2  
 3 Tim Heed                 Devon Toews                                       20     1   2  2  
 4 Samuel Girard            Brayden McNabb                                    10     1   2  2  

PowerPlay Forward 
   Center                   Left Wing                Right Wing               Time % Phy DF OF 
 1 Nic Petan                Lawson Crouse            Pat Cannone              60     1   2  2  
 2 Greg McKegg              Chris Terry              Brody Sutter             40     1   2  2  

PowerPlay Defense
   Defense                  Defense                                           Time % Phy DF OF 
 1 Samuel Girard            Brayden McNabb                                    60     1   2  2  
 2 Michal Kempny            Karl Stollery                                     40     1   2  2  

Penalty Kill 4 Players Forward 
   Center                   Wing                     Time % Phy DF OF 
 1 Lawson Crouse            Nic Petan                60     1   2  2  
 2 Chris Terry              Charles Hudon            40     1   2  2  

Penalty Kill 4 Players Defense
   Defense                  Defense                  Time % Phy DF OF 
 1 Samuel Girard            Brayden McNabb           60     1   2  2  
 2 Michal Kempny            Karl Stollery            40     1   2  2  

Penalty Kill - 3 Players Forward 
   Forward                                           Time % Phy DF OF 
 1 Lawson Crouse                                     60     1   2  2  
 2 Nic Petan                                         40     1   2  2  

Penalty Kill - 3 Players Defense
   Defense                  Defense                  Time % Phy DF OF 
 1 Samuel Girard            Brayden McNabb           60     1   2  2  
 2 Michal Kempny            Karl Stollery            40     1   2  2  

4 vs 4 Forward 
   Center                   Wing                     Time % Phy DF OF 
 1 Lawson Crouse            Nic Petan                60     1   2  2  
 2 Chris Terry              Charles Hudon            40     1   2  2  

4 vs 4 Defense
   Defense                  Defense                  Time % Phy DF OF 
 1 Samuel Girard            Brayden McNabb           60     1   2  2  
 2 Michal Kempny            Karl Stollery            40     1   2  2  

Last Minutes Offensive
   Center                   Left Wing                Right Wing               Defense                  Defense                  
   Nic Petan                Lawson Crouse            Pat Cannone              Samuel Girard            Brayden McNabb           

Last Minutes Defensive
   Center                   Left Wing                Right Wing               Defense                  Defense                  
   Nic Petan                Lawson Crouse            Pat Cannone              Samuel Girard            Brayden McNabb           

Goaltenders
Starting : Jeff Zatkoff             
Backup : Michael Garteig          

Extra Forwards
Normal : Stefan Matteau, Quinton Howden, Chase De Leo - PP : Stefan Matteau, Quinton Howden - PK : Chase De Leo
Extra Defensemen
Normal : Tim Heed, Devon Toews, Michal Kempny - PP : Tim Heed - PK : Devon Toews, Michal Kempny
Penalty Shots
Lawson Crouse, Nic Petan, Chris Terry, Charles Hudon, Greg McKegg

Scratches
Dillon Simpson (Healthy), Paul Bittner (Healthy), Mark MacMillan (Healthy), Jack Flinn (Healthy)

Hershey Bears

5 vs 5 Forward 
   Center                   Left Wing                Right Wing               Time % Phy DF OF 
 1 Andrew Desjardins        Cory Conacher            Mike Blunden             40     1   2  2  
 2 Andy Miele               Chris Bourque            Chris Wagner             30     1   2  2  
 3 Cristoval Nieves         Colby Cave               Tom Sestito              20     1   2  2  
 4 Brendan Gaunce           Teddy Blueger            Carter Camper            10     1   2  2  

5 vs 5 Defense 
   Defense                  Defense                                           Time % Phy DF OF 
 1 Michael Kostka           Mark Fraser                                       40     1   2  2  
 2 Klas Dahlbeck            Nicolas Deslauriers                               30     1   2  2  
 3 Matt Carle               James Wisniewski                                  20     1   2  2  
 4 Michael Kostka           Mark Fraser                                       10     1   2  2  

PowerPlay Forward 
   Center                   Left Wing                Right Wing               Time % Phy DF OF 
 1 Andrew Desjardins        Cory Conacher            Mike Blunden             60     1   2  2  
 2 Andy Miele               Chris Bourque            Chris Wagner             40     1   2  2  

PowerPlay Defense
   Defense                  Defense                                           Time % Phy DF OF 
 1 Michael Kostka           Mark Fraser                                       60     1   2  2  
 2 Klas Dahlbeck            Nicolas Deslauriers                               40     1   2  2  

Penalty Kill 4 Players Forward 
   Center                   Wing                     Time % Phy DF OF 
 1 Cory Conacher            Andrew Desjardins        60     1   2  2  
 2 Mike Blunden             Andy Miele               40     1   2  2  

Penalty Kill 4 Players Defense
   Defense                  Defense                  Time % Phy DF OF 
 1 Michael Kostka           Mark Fraser              60     1   2  2  
 2 Klas Dahlbeck            Nicolas Deslauriers      40     1   2  2  

Penalty Kill - 3 Players Forward 
   Forward                                           Time % Phy DF OF 
 1 Cory Conacher                                     60     1   2  2  
 2 Andrew Desjardins                                 40     1   2  2  

Penalty Kill - 3 Players Defense
   Defense                  Defense                  Time % Phy DF OF 
 1 Michael Kostka           Mark Fraser              60     1   2  2  
 2 Klas Dahlbeck            Nicolas Deslauriers      40     1   2  2  

4 vs 4 Forward 
   Center                   Wing                     Time % Phy DF OF 
 1 Cory Conacher            Andrew Desjardins        60     1   2  2  
 2 Mike Blunden             Andy Miele               40     1   2  2  

4 vs 4 Defense
   Defense                  Defense                  Time % Phy DF OF 
 1 Michael Kostka           Mark Fraser              60     1   2  2  
 2 Klas Dahlbeck            Nicolas Deslauriers      40     1   2  2  

Last Minutes Offensive
   Center                   Left Wing                Right Wing               Defense                  Defense                  
   Andrew Desjardins        Cory Conacher            Mike Blunden             Michael Kostka           Mark Fraser              

Last Minutes Defensive
   Center                   Left Wing                Right Wing               Defense                  Defense                  
   Andrew Desjardins        Cory Conacher            Mike Blunden             Michael Kostka           Mark Fraser              

Goaltenders
Starting : Mike McKenna             
Backup : Mackenzie Skapski        

Extra Forwards
Normal : Cristoval Nieves, Colby Cave, Brendan Gaunce - PP : Cristoval Nieves, Colby Cave - PK : Brendan Gaunce
Extra Defensemen
Normal : Matt Carle, James Wisniewski, Klas Dahlbeck - PP : Matt Carle - PK : James Wisniewski, Klas Dahlbeck
Penalty Shots
Cory Conacher, Andrew Desjardins, Mike Blunden, Andy Miele, Chris Bourque

Scratches
Dalton Prout (Healthy), Bryce Gervais (Healthy), Thomas Di Pauli (Healthy), Justin Hickman (Healthy), Markus Eisenschmid (Healthy)

% Time on Ice - Victoriaville Tigres

Lines # - Real PCT - Wanted PCT - Time Play
Normal Forward
1 - 29% - 40% - 14:49
2 - 29% - 30% - 14:58
3 - 26% - 20% - 13:30
4 - 15% - 10% - 7:51
Normal Defense
1 - 37% - 40% - 18:51
2 - 34% - 30% - 17:18
3 - 26% - 20% - 13:31
4 - 3% - 10% - 1:28
PP Forward
1 - 100% - 60% - 0:12
2 - 0% - 40% - 0:00
PP Defense
1 - 100% - 60% - 0:12
2 - 0% - 40% - 0:00
PK Forward
1 - 72% - 60% - 6:12
2 - 28% - 40% - 2:28
PK Defense
1 - 73% - 60% - 6:19
2 - 27% - 40% - 2:21
PK3 Forward
1 - 0% - 60%
2 - 0% - 40%
PK3 Defense
1 - 0% - 60%
2 - 0% - 40%
44 Forward
1 - 0% - 60%
2 - 0% - 40%
44 Defense
1 - 0% - 60%
2 - 0% - 40%
Last Minute Offensive  - 0:00
Last Minute Defensive  - 0:00
Total
Forward - 60:00
Defense - 60:00

% Time on Ice - Hershey Bears

Lines # - Real PCT - Wanted PCT - Time Play
Normal Forward
1 - 32% - 40% - 16:31
2 - 26% - 30% - 13:04
3 - 23% - 20% - 11:35
4 - 19% - 10% - 9:58
Normal Defense
1 - 39% - 40% - 20:09
2 - 32% - 30% - 16:21
3 - 24% - 20% - 12:02
4 - 5% - 10% - 2:36
PP Forward
1 - 59% - 60% - 5:07
2 - 41% - 40% - 3:33
PP Defense
1 - 68% - 60% - 5:52
2 - 32% - 40% - 2:48
PK Forward
1 - 100% - 60% - 0:12
2 - 0% - 40% - 0:00
PK Defense
1 - 0% - 60% - 0:00
2 - 100% - 40% - 0:12
PK3 Forward
1 - 0% - 60%
2 - 0% - 40%
PK3 Defense
1 - 0% - 60%
2 - 0% - 40%
44 Forward
1 - 0% - 60%
2 - 0% - 40%
44 Defense
1 - 0% - 60%
2 - 0% - 40%
Last Minute Offensive  - 0:00
Last Minute Defensive  - 0:00
Total
Forward - 60:00
Defense - 60:00

Play by Play

1st period


0:01 of 1st period - Andrew Desjardins wins face-off versus Nic Petan in neutral zone.
1:38 of 1st period - Tim Heed is hit by Andrew Desjardins and loses puck.
1:53 of 1st period - Snap shot by Chris Bourque.
1:53 of 1st period - Stopped by Jeff Zatkoff with a rebound.
1:55 of 1st period - Slapshot by James Wisniewski.
1:55 of 1st period - Deflect By Chris Bourque.
1:55 of 1st period - Shot Blocked by Lawson Crouse.
1:55 of 1st period - Puck is out of play.
1:56 of 1st period - Andy Miele wins face-off versus Nic Petan in Victoriaville Tigres zone.
2:47 of 1st period - Off-side.
2:48 of 1st period - Andy Miele wins face-off versus Nic Petan in neutral zone.
3:13 of 1st period - Tim Heed is hit by Nicolas Deslauriers and loses puck.
3:20 of 1st period - Snap shot by Cristoval Nieves.
3:20 of 1st period - Stopped by Jeff Zatkoff with a rebound.
3:22 of 1st period - Snap shot by Michael Kostka.
3:22 of 1st period - Stopped by Jeff Zatkoff with a rebound.
3:24 of 1st period - Slapshot by Cristoval Nieves.
3:24 of 1st period - Stopped by Jeff Zatkoff with a rebound.
3:43 of 1st period - Icing by Andrew Desjardins.
3:44 of 1st period - Mike Blunden wins face-off versus Greg McKegg in Hershey Bears zone.
3:48 of 1st period - Mike Blunden beats up Brody Sutter.
3:48 of 1st period - Penalty to Mike Blunden for Fighting.
3:48 of 1st period - Penalty to Brody Sutter for Fighting.
3:49 of 1st period - Chase De Leo wins face-off versus Cory Conacher in Hershey Bears zone.
4:07 of 1st period - Minor Penalty to Samuel Girard for Interference.
4:08 of 1st period - Andrew Desjardins wins face-off versus Lawson Crouse in Victoriaville Tigres zone.
4:10 of 1st period - Wrist shot by Cory Conacher.
4:10 of 1st period - Shot Hit the Post.
4:12 of 1st period - Snap shot by Cristoval Nieves.
4:12 of 1st period - Shot Blocked by Brayden McNabb.
4:14 of 1st period - Slapshot by Michael Kostka.
4:14 of 1st period - Deflect By Nic Petan.
4:14 of 1st period - Stopped by Jeff Zatkoff without a rebound.
4:15 of 1st period - Andrew Desjardins wins face-off versus Lawson Crouse in Victoriaville Tigres zone.
6:07 of 1st period - Penalty to Samuel Girard is over, Samuel Girard is back on ice.
6:13 of 1st period - Teddy Blueger is hit by Brayden McNabb and loses puck.
6:32 of 1st period - Wrist shot by Tom Sestito.
6:32 of 1st period - Stopped by Jeff Zatkoff with a rebound.
6:35 of 1st period - Icing by Samuel Girard.
6:36 of 1st period - Brendan Gaunce wins face-off versus Quinton Howden in Victoriaville Tigres zone.
6:43 of 1st period - James Wisniewski is hit by Scott Kosmachuk and loses puck.
7:28 of 1st period - Wrist shot by Scott Kosmachuk.
7:28 of 1st period - Stopped by Mike McKenna with a rebound.
7:34 of 1st period - Slapshot by Scott Kosmachuk.
7:34 of 1st period - Shot Misses the Net.
7:36 of 1st period - Wrist shot by Quinton Howden.
7:36 of 1st period - Shot Blocked by Teddy Blueger.
7:38 of 1st period - Wrist shot by Charles Hudon.
7:38 of 1st period - Shot Misses the Net.
7:40 of 1st period - Wrist shot by Quinton Howden.
7:40 of 1st period - Shot Blocked by Brendan Gaunce.
7:42 of 1st period - Slapshot by Tim Heed.
7:42 of 1st period - Shot Misses the Net.
7:44 of 1st period - Snap shot by Quinton Howden.
7:44 of 1st period - Shot Blocked by Matt Carle.
7:46 of 1st period - Snap shot by Charles Hudon.
7:46 of 1st period - Shot Misses the Net.
7:48 of 1st period - Snap shot by Charles Hudon.
7:48 of 1st period - Stopped by Mike McKenna with a rebound.
7:50 of 1st period - Snap shot by Quinton Howden.
7:50 of 1st period - Shot Blocked by Brendan Gaunce.
7:52 of 1st period - Slapshot by Scott Kosmachuk.
7:52 of 1st period - Shot Misses the Net.
8:02 of 1st period - Snap shot by Samuel Girard.
8:02 of 1st period - Deflect By Brendan Gaunce.
8:02 of 1st period - Stopped by Mike McKenna without a rebound.
8:03 of 1st period - Andrew Desjardins wins face-off versus Nic Petan in Hershey Bears zone.
8:16 of 1st period - Snap shot by Lawson Crouse.
8:16 of 1st period - Shot Blocked by Cory Conacher.
8:18 of 1st period - Wrist shot by Lawson Crouse.
8:18 of 1st period - Stopped by Mike McKenna with a rebound.
8:28 of 1st period - Karl Stollery is hit by Chris Wagner and loses puck.
9:01 of 1st period - Cristoval Nieves is hit by Lawson Crouse and loses puck.
9:18 of 1st period - Snap shot by Colby Cave.
9:18 of 1st period - Shot Misses the Net.
9:20 of 1st period - Slapshot by Mark Fraser.
9:20 of 1st period - Stopped by Jeff Zatkoff with a rebound.
9:22 of 1st period - Snap shot by Cristoval Nieves.
9:22 of 1st period - Stopped by Jeff Zatkoff with a rebound.
9:24 of 1st period - Backhand shot by Cristoval Nieves.
9:24 of 1st period - Stopped by Jeff Zatkoff without a rebound.
9:25 of 1st period - Andrew Desjardins wins face-off versus Chris Terry in Victoriaville Tigres zone.
9:26 of 1st period - Wrist shot by Cory Conacher.
9:26 of 1st period - Shot Misses the Net.
9:38 of 1st period - Snap shot by Chris Terry.
9:38 of 1st period - Stopped by Mike McKenna with a rebound.
10:32 of 1st period - Greg McKegg is hit by Tom Sestito and loses puck.
10:47 of 1st period - Michael Kostka is hit by Lawson Crouse and loses puck.
11:38 of 1st period - Wrist shot by Cristoval Nieves.
11:38 of 1st period - Shot Misses the Net.
11:40 of 1st period - Slapshot by Matt Carle.
11:40 of 1st period - Stopped by Jeff Zatkoff with a rebound.
12:08 of 1st period - Brayden McNabb is hit by Andy Miele and loses puck.
12:37 of 1st period - Snap shot by Cristoval Nieves.
12:37 of 1st period - Shot Blocked by Brayden McNabb.
12:39 of 1st period - Snap shot by Cristoval Nieves.
12:39 of 1st period - Stopped by Jeff Zatkoff without a rebound.
12:40 of 1st period - Andy Miele wins face-off versus Quinton Howden in Victoriaville Tigres zone.
13:05 of 1st period - Lawson Crouse is hit by Mike Blunden and loses puck.
13:16 of 1st period - Snap shot by Andrew Desjardins.
13:16 of 1st period - Stopped by Jeff Zatkoff with a rebound.
14:43 of 1st period - Wrist shot by Tom Sestito.
14:43 of 1st period - Shot Misses the Net.
15:00 of 1st period - Minor Penalty to Chris Wagner for Hooking.
15:01 of 1st period - Cory Conacher wins face-off versus Nic Petan in Hershey Bears zone.
15:01 of 1st period - Cory Conacher is hit by Brayden McNabb.
15:12 of 1st period - Snap shot by Lawson Crouse.
15:12 of 1st period - Goal by Lawson Crouse - Victoriaville Tigres : 1 - Hershey Bears : 0.
15:13 of 1st period - Nic Petan wins face-off versus Andrew Desjardins in neutral zone.
15:46 of 1st period - Snap shot by Chris Wagner.
15:46 of 1st period - Stopped by Jeff Zatkoff with a rebound.
15:48 of 1st period - Slapshot by Nicolas Deslauriers.
15:48 of 1st period - Stopped by Jeff Zatkoff with a rebound.
15:50 of 1st period - Wrist shot by Chris Bourque.
15:50 of 1st period - Shot Misses the Net.
15:52 of 1st period - Slapshot by Nicolas Deslauriers.
15:52 of 1st period - Stopped by Jeff Zatkoff with a rebound.
16:59 of 1st period - Scott Kosmachuk is hit by Andrew Desjardins and loses puck.
17:44 of 1st period - Snap shot by Chris Terry.
17:44 of 1st period - Shot Blocked by Teddy Blueger.
18:59 of 1st period - Michal Kempny is hit by Klas Dahlbeck and loses puck.
19:22 of 1st period - Snap shot by Brendan Gaunce.
19:22 of 1st period - Shot Misses the Net.
19:24 of 1st period - Snap shot by Brendan Gaunce.
19:24 of 1st period - Stopped by Jeff Zatkoff with a rebound.
19:26 of 1st period - Backhand shot by Teddy Blueger.
19:26 of 1st period - Shot Blocked by Taylor Leier.
19:33 of 1st period - Icing by Karl Stollery.
19:34 of 1st period - Andy Miele wins face-off versus Chase De Leo in Victoriaville Tigres zone.
19:49 of 1st period - Snap shot by Cory Conacher.
19:49 of 1st period - Shot Blocked by Chase De Leo.
Goals for this period are 1 for Victoriaville Tigres vs 0 for Hershey Bears.
Shots for this period are 6 for Victoriaville Tigres vs 16 for Hershey Bears.

2nd period


0:01 of 2nd period - Andrew Desjardins wins face-off versus Nic Petan in neutral zone.
0:04 of 2nd period - Slapshot by Andrew Desjardins.
0:04 of 2nd period - Shot Misses the Net.
0:14 of 2nd period - Slapshot by Nic Petan.
0:14 of 2nd period - Shot Misses the Net.
0:35 of 2nd period - Wrist shot by Greg McKegg.
0:35 of 2nd period - Shot Misses the Net.
0:47 of 2nd period - Backhand shot by Quinton Howden.
0:47 of 2nd period - Shot Misses the Net.
0:49 of 2nd period - Snap shot by Scott Kosmachuk.
0:49 of 2nd period - Shot Blocked by Cristoval Nieves.
1:07 of 2nd period - Snap shot by Lawson Crouse.
1:07 of 2nd period - Stopped by Mike McKenna without a rebound.
1:08 of 2nd period - Brendan Gaunce wins face-off versus Chase De Leo in Hershey Bears zone.
1:33 of 2nd period - Chase De Leo is hit by Klas Dahlbeck and loses puck.
1:58 of 2nd period - Matt Carle is hit by Karl Stollery and loses puck.
3:02 of 2nd period - Wrist shot by Chris Terry.
3:02 of 2nd period - Shot Blocked by Mike Blunden.
3:04 of 2nd period - Slapshot by Brody Sutter.
3:04 of 2nd period - Deflect By Greg McKegg.
3:04 of 2nd period - Shot Misses the Net.
3:04 of 2nd period - Puck is out of play.
3:05 of 2nd period - Greg McKegg wins face-off versus Andrew Desjardins in Hershey Bears zone.
3:08 of 2nd period - Snap shot by Chris Terry.
3:08 of 2nd period - Stopped by Mike McKenna with a rebound.
3:15 of 2nd period - Mark Fraser and Chris Terry fight to a draw.
3:15 of 2nd period - Penalty to Mark Fraser for Fighting.
3:15 of 2nd period - Penalty to Chris Terry for Fighting.
3:15 of 2nd period - Penalty to Chris Terry for instigated a fight.
3:15 of 2nd period - Penalty to Chris Terry for instigated a fight.
3:16 of 2nd period - Andrew Desjardins wins face-off versus Lawson Crouse in Victoriaville Tigres zone.
3:21 of 2nd period - Snap shot by Mike Blunden.
3:21 of 2nd period - Stopped by Jeff Zatkoff with a rebound.
3:32 of 2nd period - Off-side.
3:33 of 2nd period - Andy Miele wins face-off versus Lawson Crouse in neutral zone.
4:28 of 2nd period - Michal Kempny is hit by Andrew Desjardins and loses puck.
4:41 of 2nd period - Klas Dahlbeck is hit by Karl Stollery and loses puck.
5:15 of 2nd period - Penalty to Chris Terry is over, Pat Cannone is send on ice.
5:21 of 2nd period - Snap shot by Brendan Gaunce.
5:21 of 2nd period - Deflect By Teddy Blueger.
5:21 of 2nd period - Stopped by Jeff Zatkoff with a rebound.
5:23 of 2nd period - Slapshot by Nicolas Deslauriers.
5:23 of 2nd period - Shot Blocked by Lawson Crouse.
5:31 of 2nd period - Wrist shot by Brendan Gaunce.
5:31 of 2nd period - Stopped by Jeff Zatkoff with a rebound.
5:45 of 2nd period - Brayden McNabb is hit by Tom Sestito and loses puck.
5:53 of 2nd period - Lawson Crouse is hit by Tom Sestito and loses puck.
6:08 of 2nd period - Slapshot by Lawson Crouse.
6:08 of 2nd period - Shot Misses the Net.
6:20 of 2nd period - Backhand shot by Charles Hudon.
6:20 of 2nd period - Stopped by Mike McKenna with a rebound.
6:32 of 2nd period - Matt Carle is hit by Greg McKegg and loses puck.
6:45 of 2nd period - Charles Hudon is hit by Brendan Gaunce and loses puck.
8:12 of 2nd period - Carter Camper is hit by Taylor Leier and loses puck.
10:10 of 2nd period - Icing by Cristoval Nieves.
10:11 of 2nd period - Greg McKegg wins face-off versus Andrew Desjardins in Hershey Bears zone.
10:20 of 2nd period - Slapshot by Mike Blunden.
10:20 of 2nd period - Stopped by Jeff Zatkoff with a rebound.
11:07 of 2nd period - Samuel Girard is hit by Tom Sestito.
11:11 of 2nd period - Lawson Crouse is hit by Tom Sestito and loses puck.
11:34 of 2nd period - Karl Stollery is hit by James Wisniewski and loses puck.
11:53 of 2nd period - Chase De Leo is hit by Teddy Blueger and loses puck.
11:58 of 2nd period - Wrist shot by Carter Camper.
11:58 of 2nd period - Shot Blocked by Chase De Leo.
12:08 of 2nd period - Slapshot by Charles Hudon.
12:08 of 2nd period - Stopped by Mike McKenna with a rebound.
12:10 of 2nd period - Snap shot by Quinton Howden.
12:10 of 2nd period - Shot Misses the Net.
12:12 of 2nd period - Snap shot by Charles Hudon.
12:12 of 2nd period - Stopped by Mike McKenna without a rebound.
12:13 of 2nd period - Quinton Howden wins face-off versus Andy Miele in Hershey Bears zone.
12:18 of 2nd period - Slapshot by Scott Kosmachuk.
12:18 of 2nd period - Stopped by Mike McKenna with a rebound.
12:26 of 2nd period - Quinton Howden is hit by Andy Miele and loses puck.
12:37 of 2nd period - Klas Dahlbeck is hit by Scott Kosmachuk and loses puck.
12:46 of 2nd period - Samuel Girard is hit by Chris Bourque.
14:21 of 2nd period - Slapshot by Charles Hudon.
14:21 of 2nd period - Stopped by Mike McKenna with a rebound.
14:31 of 2nd period - Snap shot by Charles Hudon.
14:31 of 2nd period - Deflect By Scott Kosmachuk.
14:31 of 2nd period - Stopped by Mike McKenna without a rebound.
14:32 of 2nd period - Nic Petan wins face-off versus Andrew Desjardins in Hershey Bears zone.
14:33 of 2nd period - Slapshot by Lawson Crouse.
14:33 of 2nd period - Shot Blocked by Nicolas Deslauriers.
15:02 of 2nd period - Wrist shot by Tom Sestito.
15:02 of 2nd period - Shot Misses the Net.
15:22 of 2nd period - Michal Kempny is hit by Teddy Blueger and loses puck.
15:27 of 2nd period - Slapshot by Brendan Gaunce.
15:27 of 2nd period - Shot Blocked by Karl Stollery.
15:29 of 2nd period - Slapshot by Klas Dahlbeck.
15:29 of 2nd period - Shot Blocked by Karl Stollery.
16:44 of 2nd period - Samuel Girard is hit by Cory Conacher and loses puck.
18:15 of 2nd period - 10 Minutes Misconduct Penalty to Chris Terry is over.
19:12 of 2nd period - Klas Dahlbeck is hit by Lawson Crouse and loses puck.
Goals for this period are 0 for Victoriaville Tigres vs 0 for Hershey Bears.
Shots for this period are 8 for Victoriaville Tigres vs 4 for Hershey Bears.

3rd period


0:01 of 3rd period - Nic Petan wins face-off versus Andrew Desjardins in neutral zone.
0:06 of 3rd period - Cory Conacher is hit by Lawson Crouse and loses puck.
0:25 of 3rd period - Snap shot by Chris Wagner.
0:25 of 3rd period - Stopped by Jeff Zatkoff with a rebound.
0:47 of 3rd period - Scott Kosmachuk is hit by Carter Camper and loses puck.
1:15 of 3rd period - Andrew Desjardins is hit by Lawson Crouse and loses puck.
2:23 of 3rd period - Charles Hudon is hit by Cory Conacher and loses puck.
2:38 of 3rd period - James Wisniewski is hit by Lawson Crouse and loses puck.
3:10 of 3rd period - Michael Kostka is hit by Charles Hudon.
3:41 of 3rd period - Scott Kosmachuk is hit by Andrew Desjardins and loses puck.
3:59 of 3rd period - Brayden McNabb is hit by James Wisniewski and loses puck.
4:08 of 3rd period - Mark Fraser is hit by Scott Kosmachuk and loses puck.
4:13 of 3rd period - Wrist shot by Charles Hudon.
4:13 of 3rd period - Stopped by Mike McKenna with a rebound.
4:15 of 3rd period - Wrist shot by Charles Hudon.
4:15 of 3rd period - Deflect By Chris Wagner.
4:15 of 3rd period - Stopped by Mike McKenna with a rebound.
4:17 of 3rd period - Slapshot by Karl Stollery.
4:17 of 3rd period - Stopped by Mike McKenna without a rebound.
4:18 of 3rd period - Andrew Desjardins wins face-off versus Greg McKegg in Hershey Bears zone.
4:43 of 3rd period - Pat Cannone is hit by Cristoval Nieves and loses puck.
5:10 of 3rd period - Klas Dahlbeck is hit by Lawson Crouse.
5:15 of 3rd period - Minor Penalty to Brayden McNabb for High sticking.
5:16 of 3rd period - Andrew Desjardins wins face-off versus Lawson Crouse in Victoriaville Tigres zone.
5:16 of 3rd period - Slapshot by Cory Conacher.
5:16 of 3rd period - Shot Misses the Net.
5:32 of 3rd period - Slapshot by Andrew Desjardins.
5:32 of 3rd period - Stopped by Jeff Zatkoff with a rebound.
5:50 of 3rd period - Snap shot by Chris Bourque.
5:50 of 3rd period - Shot Blocked by Samuel Girard.
5:52 of 3rd period - Snap shot by Andy Miele.
5:52 of 3rd period - Shot Misses the Net.
6:35 of 3rd period - Mark Fraser is hit by Samuel Girard and loses puck.
7:00 of 3rd period - Cory Conacher is hit by Charles Hudon and loses puck.
7:15 of 3rd period - Penalty to Brayden McNabb is over, Brayden McNabb is back on ice.
8:28 of 3rd period - Nicolas Deslauriers is hit by Brayden McNabb and loses puck.
8:41 of 3rd period - Cristoval Nieves is hit by Stefan Matteau and loses puck.
9:16 of 3rd period - Mike Blunden is hit by Scott Kosmachuk and loses puck.
9:55 of 3rd period - Lawson Crouse is hit by Andy Miele and loses puck.
10:06 of 3rd period - Tom Sestito is hit by Karl Stollery and loses puck.
10:13 of 3rd period - Snap shot by Chris Terry.
10:13 of 3rd period - Deflect By Brody Sutter.
10:13 of 3rd period - Goal by Brody Sutter - Victoriaville Tigres : 2 - Hershey Bears : 0.
10:14 of 3rd period - Nic Petan wins face-off versus Andrew Desjardins in neutral zone.
10:16 of 3rd period - Mark Fraser beats up Pat Cannone.
10:16 of 3rd period - Penalty to Mark Fraser for Fighting.
10:16 of 3rd period - Penalty to Pat Cannone for Fighting.
10:17 of 3rd period - Andrew Desjardins wins face-off versus Nic Petan in Hershey Bears zone.
10:22 of 3rd period - Nic Petan is hit by Cory Conacher and loses puck.
11:09 of 3rd period - Slapshot by Samuel Girard.
11:09 of 3rd period - Shot Blocked by Nicolas Deslauriers.
11:11 of 3rd period - Wrist shot by Samuel Girard.
11:11 of 3rd period - Stopped by Mike McKenna with a rebound.
11:13 of 3rd period - Snap shot by Scott Kosmachuk.
11:13 of 3rd period - Shot Blocked by Brendan Gaunce.
11:31 of 3rd period - Slapshot by Nic Petan.
11:31 of 3rd period - Goal by Nic Petan - Victoriaville Tigres : 3 - Hershey Bears : 0.
11:32 of 3rd period - Mike Blunden wins face-off versus Nic Petan in neutral zone.
11:59 of 3rd period - Andy Miele is hit by Karl Stollery and loses puck.
12:40 of 3rd period - Minor Penalty to Brayden McNabb for Cross-checking.
12:41 of 3rd period - Andrew Desjardins wins face-off versus Lawson Crouse in Victoriaville Tigres zone.
12:42 of 3rd period - Snap shot by Cory Conacher.
12:42 of 3rd period - Stopped by Jeff Zatkoff with a rebound.
12:54 of 3rd period - Snap shot by Mike Blunden.
12:54 of 3rd period - Goal by Mike Blunden - Victoriaville Tigres : 3 - Hershey Bears : 1.
12:55 of 3rd period - Nic Petan wins face-off versus Andrew Desjardins in neutral zone.
13:03 of 3rd period - Snap shot by Nic Petan.
13:03 of 3rd period - Stopped by Mike McKenna without a rebound.
13:04 of 3rd period - Nic Petan wins face-off versus Andrew Desjardins in Hershey Bears zone.
13:23 of 3rd period - Slapshot by Cory Conacher.
13:23 of 3rd period - Shot Misses the Net.
13:29 of 3rd period - Slapshot by Samuel Girard.
13:29 of 3rd period - Shot Misses the Net.
13:36 of 3rd period - Off-side.
13:37 of 3rd period - Greg McKegg wins face-off versus Andy Miele in neutral zone.
14:04 of 3rd period - Quinton Howden is hit by Cristoval Nieves.
14:11 of 3rd period - Minor Penalty to Scott Kosmachuk for Boarding.
14:12 of 3rd period - Lawson Crouse wins face-off versus Andrew Desjardins in Victoriaville Tigres zone.
14:12 of 3rd period - Lawson Crouse is hit by Cory Conacher.
14:23 of 3rd period - Andrew Desjardins is hit by Brayden McNabb and loses puck.
14:56 of 3rd period - Snap shot by Chris Terry.
14:56 of 3rd period - Shot Blocked by Klas Dahlbeck.
14:58 of 3rd period - Slapshot by Brayden McNabb.
14:58 of 3rd period - Deflect By Chris Terry.
14:58 of 3rd period - Deflect By Mike Blunden.
14:58 of 3rd period - Shot Misses the Net.
14:58 of 3rd period - Puck is out of play.
14:59 of 3rd period - Lawson Crouse wins face-off versus Cory Conacher in Hershey Bears zone.
15:02 of 3rd period - Wrist shot by Nic Petan.
15:02 of 3rd period - Goal by Nic Petan - Victoriaville Tigres : 4 - Hershey Bears : 1.
15:03 of 3rd period - Lawson Crouse wins face-off versus Andrew Desjardins in neutral zone.
15:16 of 3rd period - Penalty to Pat Cannone is over, Pat Cannone is back on ice.
15:35 of 3rd period - Chris Terry is hit by Chris Wagner and loses puck.
16:11 of 3rd period - Penalty to Scott Kosmachuk is over, Scott Kosmachuk is back on ice.
16:35 of 3rd period - Minor Penalty to Scott Kosmachuk for Slashing.
16:36 of 3rd period - Andrew Desjardins wins face-off versus Nic Petan in Victoriaville Tigres zone.
17:03 of 3rd period - Slapshot by Chris Bourque.
17:03 of 3rd period - Shot Blocked by Brayden McNabb.
17:05 of 3rd period - Snap shot by Nicolas Deslauriers.
17:05 of 3rd period - Deflect By Chris Wagner.
17:05 of 3rd period - Goal by Chris Wagner - Victoriaville Tigres : 4 - Hershey Bears : 2.
17:06 of 3rd period - Greg McKegg wins face-off versus Cory Conacher in neutral zone.
17:33 of 3rd period - Mark Fraser is hit by Brayden McNabb and loses puck.
17:38 of 3rd period - Slapshot by Nic Petan.
17:38 of 3rd period - Stopped by Mike McKenna without a rebound.
17:39 of 3rd period - Nic Petan wins face-off versus Andrew Desjardins in Hershey Bears zone.
17:40 of 3rd period - Wrist shot by Lawson Crouse.
17:40 of 3rd period - Stopped by Mike McKenna without a rebound.
17:41 of 3rd period - Andrew Desjardins wins face-off versus Lawson Crouse in Hershey Bears zone.
18:00 of 3rd period - Lawson Crouse is hit by Mike Blunden and loses puck.
19:21 of 3rd period - Slapshot by Lawson Crouse.
19:21 of 3rd period - Stopped by Mike McKenna without a rebound.
19:22 of 3rd period - Stefan Matteau wins face-off versus Cristoval Nieves in Hershey Bears zone.
19:31 of 3rd period - Slapshot by Colby Cave.
19:31 of 3rd period - Shot Misses the Net.
Goals for this period are 3 for Victoriaville Tigres vs 2 for Hershey Bears.
Shots for this period are 11 for Victoriaville Tigres vs 5 for Hershey Bears.